[Event "*** Titled Tuesday Blitz"]
[Site "Chess.com"]
[Date "2020.11.03"]
[Round "6"]
[White "Ariadna_Atreides"]
[Black "Chuchofrio1"]
[Result "0-1"]
[WhiteElo "2108"]
[BlackElo "2341"]
[TimeControl "180+1"]
[EndTime "11:08:00 PST"]
[Termination "Chuchofrio1 won by resignation"]

1. d4 f5 2. g3 Nf6 3. Bg2 d6 4.
c3 g6 5. Qb3 Bg7 6. Bxb7 Bxb7 7. Qxb7 Nbd7 8. Nh3 O-O 9. Ng5 Rb8 10. Qxa7 Nb6 11.
Ne6 Qc8 12. Nxc7 Rb7 13. Qa6 Qxc7 14. O-O Nc4 15. b3 Nb6 16. Qd3 e5 17. Bb2 e4 18.
Qd2 Nh5 19. e3 g5 20. c4 f4 21. d5 Bxb2 22. Qxb2 f3 23. Qd4 Qd7 24. Kh1 Qh3 25.
Rg1 Nf6 26. g4 Nxg4 27. Rxg4 Qxg4 0-1

[Event "*** Titled Tuesday Blitz"]
[Site "Chess.com"]
[Date "2020.11.03"]
[Round "6"]
[White "ZverevLev"]
[Black "xberli"]
[Result "1-0"]
[WhiteElo "2285"]
[BlackElo "2539"]
[TimeControl "180+1"]
[EndTime "11:08:02 PST"]
[Termination "ZverevLev won by resignation"]

1. e4 c5 2. Nf3 d6 3. d4 cxd4 4.
Nxd4 Nf6 5. Nc3 a6 6. Bg5 Nbd7 7. f4 h6 8. Bxf6 Nxf6 9. f5 Qc7 10. Qf3 e5 11. fxe6 fxe6 12. O-O-O Be7 13. g3 O-O 14. Bh3 Nh7 15. Qe2 Ng5 16. Bg4 Bf6 17. h4 Bxd4 18. Rxd4 Nf7 19. Rhd1 b5 20. a3 Rb8 21. Na2 Bd7 22. Nb4 a5 23. Na6 Qc5 24. Nxc5 1-0

[Event "*** Titled Tuesday Blitz"]
[Site "Chess.com"]
[Date "2020.11.03"]
[Round "6"]
[White "brunomorado"]
[Black "Vyacheslav_N"]
[Result "1-0"]
[WhiteElo "2446"]
[BlackElo "2306"]
[TimeControl "180+1"]
[EndTime "11:08:10 PST"]
[Termination "brunomorado won by resignation"]

1. d4 d5 2. Nc3 Nf6 3. Bg5 Nbd7 4.
Qd3 c5 5. dxc5 e6 6. Nf3 Nxc5 7.
Qd4 Ncd7 8. e4 Qa5 9. Bxf6 Nxf6 10. Bb5+ Bd7 11. Bxd7+ Kxd7 12. exd5 Nxd5 13. O-O Qb4 14. Rad1 Qxd4 15. Rxd4 Kc6 16. Nxd5 exd5 17. Rfd1 Rd8 18. Ne5+ Kc7 19. Nxf7 Bc5 20. Rxd5 Rxd5 21. Rxd5 Kc6 22. Rxc5+ Kxc5 23. Nxh8 1-0

[Event "*** Titled Tuesday Blitz"]
[Site "Chess.com"]
[Date "2020.11.03"]
[Round "6"]
[White "GregShahade"]
[Black "NiranjanNavalgund"]
[Result "1-0"]
[WhiteElo "2648"]
[BlackElo "2448"]
[TimeControl "180+1"]
[EndTime "11:08:11 PST"]
[Termination "GregShahade won by resignation"]

1. e4 c5 2. Nf3 Nc6 3. d4 cxd4 4. Nxd4 g6 5. c4 Nf6 6. Nc3 Nxd4 7. Qxd4 d6 8. f3 Bg7 9. Be3 O-O 10. Qd2 a5 11.
Na4 Nd7 12. O-O-O Qc7 13. Kb1 Nc5 14. Nxc5 dxc5 15. Qd5 b6 16. Qxa8 Bb7 17. Bf4 Qc6 18.
Qd8 g5 19. Qd7 gxf4 20. Qxc6 Bxc6 21. g3 fxg3 22. hxg3 Bd4 23. Bd3 e5 24. Rh6 Kg7 25.
Rxc6 1-0

[Event "*** Titled Tuesday Blitz"]
[Site "Chess.com"]
[Date "2020.11.03"]
[Round "6"]
[White "Savva09022009"]
[Black "vovachesss"]
[Result "1-0"]
[WhiteElo "2380"]
[BlackElo "2657"]
[TimeControl "180+1"]
[EndTime "11:08:15 PST"]
[Termination "Savva09022009 won by resignation"]

1. d4 e5 2. dxe5 d6 3. Nf3 Nc6 4. e4 Bg4 5. h3 Bxf3 6. Qxf3 Nxe5 7. Qd1 Nf6 8. Bd3 g6 9. O-O Bg7 10. f4 Nxd3 11. cxd3 O-O 12. Nc3 c6 13. Qf3 d5 14. e5 Nd7 15. d4 Re8 16. f5 c5 17.
fxg6 fxg6 18. Qxd5+ Kh8 19. Rf7 Nb6 20. Qxb7 Rb8 21.
Qxa7 Ra8 22. Qb7 Rb8 23. Qf3 cxd4 24. Ne4 Nc4 25. Bg5 Nxe5 26. Qf4 Qd5 27. Rxg7 Kxg7 28. Bh6+ 1-0

[Event "*** Titled Tuesday Blitz"]
[Site "Chess.com"]
[Date "2020.11.03"]
[Round "6"]
[White "AlexSuv"]
[Black "goldenpuppy"]
[Result "0-1"]
[WhiteElo "2559"]
[BlackElo "2370"]
[TimeControl "180+1"]
[EndTime "11:08:15 PST"]
[Termination "goldenpuppy won by checkmate"]

1. d4 Nf6 2. c4 e6 3. Nc3 Bb4 4. e3 O-O 5. Bd2 d5 6. Nf3 Re8 7. cxd5 exd5 8. Rc1 c6 9. Bd3 Nbd7 10. O-O Nf8 11. h3 Ng6 12. a3 Bd6 13. b4 Be6 14. Na4 Qd7 15. Nc5 Bxc5 16. dxc5 Ne4 17. Bc3 Bxh3 18.
gxh3 Qxh3 19. Nh2 Ne5 20. Bxe4 dxe4 21. Bxe5 Rxe5 22. f4 Rh5 23. Qe2 a5 24. Rcd1 axb4 25. axb4 g5 26. Kh1 Ra3 27. Qe1 Qxh2# 0-1

[Event "*** Titled Tuesday Blitz"]
[Site "Chess.com"]
[Date "2020.11.03"]
[Round "6"]
[White "kot60"]
[Black "LaPorfia"]
[Result "1/2-1/2"]
[WhiteElo "2386"]
[BlackElo "2300"]
[TimeControl "180+1"]
[EndTime "11:08:19 PST"]
[Termination "Game drawn by agreement"]

1. e4 d5 2. exd5 Nf6 3. d4 Bg4 4. Nf3 Qxd5 5. Be2 Nc6 6. h3 Qh5 7. Be3 O-O-O 8. c3 e5 9. Qa4 exd4 10. Nxd4 Nxd4 11. Bxg4+ Nxg4 12. Bxd4 Bc5 13. O-O Nf6 14. Bxc5 Qxc5 15. Na3 Rhe8 16. Rad1 a6 17. Qb3 Qe7 18. Nc4 Qe6 19. Ne3 1/2-1/2

[Event "*** Titled Tuesday Blitz"]
[Site "Chess.com"]
[Date "2020.11.03"]
[Round "6"]
[White "anpospan"]
[Black "Sofiia_Hryzlova"]
[Result "1-0"]
[WhiteElo "2399"]
[BlackElo "2295"]
[TimeControl "180+1"]
[EndTime "11:08:20 PST"]
[Termination "anpospan won by resignation"]

1. Nf3 d5 2. b3 Nf6 3. Bb2 b6 4. e3 Bb7 5. a4 a6 6. d4 Nbd7 7. Bd3 e6 8. O-O Bd6 9. Ne5 O-O 10. f4 Ne4 11. Bxe4 dxe4 12. c4 Nb8 13. Qg4 Bc8 14. Nc3 f6 15. Nxe4 f5 16. Qf3 fxe4 17.
Qxe4 Ra7 18. d5 Bxe5 19. fxe5 exd5 20. Rxf8+ Qxf8 21. Qxd5+ Kh8 22. Rf1 Qe8 23. e6 c5 24.
Be5 Bb7 25. Qd6 Kg8 26. Qxb8 Qc8 27. Qxa7 1-0

[Event "*** Titled Tuesday Blitz"]
[Site "Chess.com"]
[Date "2020.11.03"]
[Round "6"]
[White "vova-79"]
[Black "cukin84"]
[Result "1-0"]
[WhiteElo "2484"]
[BlackElo "2074"]
[TimeControl "180+1"]
[EndTime "11:08:22 PST"]
[Termination "vova-79 won by resignation"]

1. d4 f5 2. Nc3 Nf6 3. Bg5 e6 4. e4 fxe4 5. Nxe4 Be7 6. Bxf6 Bxf6 7. Qh5+ g6 8. Qh6 d5 9. Nxf6+ Qxf6 10. Nf3 c5 11.
O-O-O cxd4 12. Nxd4 Nc6 13. Qe3 Bd7 14. f4 O-O 15. g3 Rae8 16. Bh3 Qg7 17. Rhe1 Nxd4 18. Qxd4 e5 19. Qxd5+ Kh8 20. Bxd7 Rd8 21. fxe5 Rf2 22. e6 1-0

[Event "*** Titled Tuesday Blitz"]
[Site "Chess.com"]
[Date "2020.11.03"]
[Round "6"]
[White "dretch"]
[Black "Shota_Azaladze"]
[Result "1-0"]
[WhiteElo "2825"]
[BlackElo "2623"]
[TimeControl "180+1"]
[EndTime "11:08:23 PST"]
[Termination "dretch won by resignation"]

1. d4 Nf6 2. c4 d6 3. Nf3 Bg4 4.
Qb3 Qc8 5. h3 Bf5 6. g4 Bg6 7.
Bg2 Nc6 8. d5 Nb8 9. Nc3 Nbd7 10. Nh4 Nc5 11. Qd1 e5 12. dxe6 Qxe6 13. Nd5 Nxd5 14. Bxd5 Qf6 15. g5 Qe7 16. Nxg6 hxg6 17.
b4 c6 18. bxc5 cxd5 19. Qxd5 O-O-O 20. c6 b6 21. a4 Qe5 22. Ra3 Be7 23. a5 Rh4 24.
axb6 Qxd5 25. cxd5 axb6 26. Ra8+ Kc7 27. Ra7+ Kc8 28.
Rxe7 1-0

[Event "*** Titled Tuesday Blitz"]
[Site "Chess.com"]
[Date "2020.11.03"]
[Round "6"]
[White "ApacheSVD"]
[Black "vinniethepooh"]
[Result "1-0"]
[WhiteElo "2438"]
[BlackElo "2572"]
[TimeControl "180+1"]
[EndTime "11:08:23 PST"]
[Termination "ApacheSVD won on time"]

1. e4 c5 2. Nf3 d6 3. d4 cxd4 4. Nxd4 Nf6 5. Nc3 a6 6. Qf3 g6 7.
h3 Bg7 8. Be3 O-O 9. O-O-O e5 10. Nb3 Be6 11. g4 Nc6 12. g5 Nh5 13. h4 Rc8 14. Bc5 Bxb3 15. axb3 Qa5 16. Be3 Nd4 17. Bxd4 exd4 18. Nd5 Qa1+ 19. Kd2 Qxb2 20. Bd3 Rfe8 21.
Ra1 Rxc2+ 22. Bxc2 Rc8 23. Qd3 Be5 24. Rhb1 1-0

[Event "*** Titled Tuesday Blitz"]
[Site "Chess.com"]
[Date "2020.11.03"]
[Round "6"]
[White "chessmadara"]
[Black "TurboSteen"]
[Result "1-0"]
[WhiteElo "2219"]
[BlackElo "2004"]
[TimeControl "180+1"]
[EndTime "11:08:23 PST"]
[Termination "chessmadara won on time"]

1. e4 e6 2. d4 d5 3. Nc3 Bb4 4. e5 c5 5. Bd2 Nh6 6. a3 Bxc3 7. bxc3 Nf5 8. Nf3 O-O 9. g4 Nh4 10. Nxh4 Qxh4 11. Qf3 f6 12. exf6 Rxf6 13. Qg3 Qxg3 14. hxg3 b6 15. Bd3 h6 16. g5 hxg5 17. Bxg5 Rf8 18.
Ke2 Ba6 19. Rh4 1-0

[Event "*** Titled Tuesday Blitz"]
[Site "Chess.com"]
[Date "2020.11.03"]
[Round "6"]
[White "krzyzan94"]
[Black "BogdanDeac"]
[Result "0-1"]
[WhiteElo "2655"]
[BlackElo "2865"]
[TimeControl "180+1"]
[EndTime "11:08:24 PST"]
[Termination "BogdanDeac won by resignation"]

1. Nf3 d5 2. g3 Nf6 3. Bg2 e6 4. O-O Be7 5. d3 O-O 6. Nbd2 a5 7.
e4 a4 8. Re1 a3 9. b3 c5 10. e5 Nfd7 11. Nf1 Nc6 12. c3 f6 13. d4 fxe5 14. dxe5 b5 15. h4 b4 16. cxb4 Nxb4 17.
Bh3 Qb6 18. Bg5 Rf7 19. Bxe7 Rxe7 20. Ng5 h6 21. Nf3 Ba6 22. Ne3 Rf8 23. Ng4 Ref7 24. Nfh2 Nd3 25. Re3 c4 26. bxc4 Nxf2 27. Qb3 Nxh3+ 28.
Kg2 Nf2 29. cxd5 Nxg4 30. Nxg4 Bb7 31. Qxb6 Nxb6 32. Rxa3 Bxd5+ 33. Kh3 Nc4 34. Rd3 Rf1 35. Rxf1 Rxf1 36. a4 Ra1 37. Rb3 h5 38. Rb8+ Kh7 39. Nh2 Nxe5 0-1

[Event "*** Titled Tuesday Blitz"]
[Site "Chess.com"]
[Date "2020.11.03"]
[Round "6"]
[White "Baby_Legs"]
[Black "RaunakSadhwani2005"]
[Result "0-1"]
[WhiteElo "2715"]
[BlackElo "2985"]
[TimeControl "180+1"]
[EndTime "11:08:27 PST"]
[Termination "RaunakSadhwani2005 won by checkmate"]

1. Nf3 d5 2. e3 Nf6 3. c4 c6 4. Nc3 e6 5. b3 Bd6 6. Bb2 Nbd7 7. Qc2 O-O 8. Rg1 e5 9. cxd5 cxd5 10. Nb5 Qe7 11. Nxd6 Qxd6 12. d4 exd4 13. Bxd4 b6 14. Bd3 Bb7 15. Ke2 Rac8 16. Qb2 Nc5 17. Bxf6 Nxd3 18.
Kxd3 Ba6+ 19. Kd2 gxf6 20. Qd4 Rc5 21. Rgc1 Rfc8 22. Qg4+ Kh8 23. Nd4 Qc7 24. Qd1 Rc3 25. Qf3 Rd3+ 26. Ke1 Qxc1+ 27. Rxc1 Rxc1+ 28. Ke2 Rxd4# 0-1

[Event "*** Titled Tuesday Blitz"]
[Site "Chess.com"]
[Date "2020.11.03"]
[Round "6"]
[White "indfraeng"]
[Black "Mikhail_Golubev"]
[Result "0-1"]
[WhiteElo "2355"]
[BlackElo "2559"]
[TimeControl "180+1"]
[EndTime "11:08:27 PST"]
[Termination "Mikhail_Golubev won by resignation"]

1. d4 Nf6 2. c4 g6 3. g3 Bg7 4. Bg2 O-O 5. Nc3 d6 6. Nf3 Nbd7 7. O-O e5 8. e4 exd4 9. Nxd4 Re8 10. h3 Nc5 11. Re1 a6 12. Rb1 Rb8 13. b3 Bd7 14. Bb2 Qc8 15. Kh2 Re5 16. g4 Nxg4+ 17. hxg4 Bxg4 18.
f3 Rh5+ 19. Kg1 Bh3 20. Nd5 Kf8 21. Qd2 c6 22. Ne3 Bxg2 23. Qxg2 Nd3 24. Red1 Nf4 25. Qg4 Rg5 26. Ne6+ Nxe6 27. Qxg5 Nxg5 28. Kf2 Bxb2 29. Rxb2 Qh3 30. Rg1 Qxf3+ 0-1

[Event "*** Titled Tuesday Blitz"]
[Site "Chess.com"]
[Date "2020.11.03"]
[Round "6"]
[White "annacramling"]
[Black "maicolbenavides"]
[Result "1-0"]
[WhiteElo "1991"]
[BlackElo "2202"]
[TimeControl "180+1"]
[EndTime "11:08:30 PST"]
[Termination "annacramling won by resignation"]

1. d4 Nf6 2. c4 c5 3. d5 b5 4.
cxb5 a6 5. Nc3 g6 6. e4 Bg7 7. e5 Ng8 8. Nf3 d6 9. e6 fxe6 10.
dxe6 Bxe6 11. Ng5 Qd7 12. Qf3 Ra7 13. Be2 Rc7 14. bxa6 Nf6 15. a7 1-0

[Event "*** Titled Tuesday Blitz"]
[Site "Chess.com"]
[Date "2020.11.03"]
[Round "6"]
[White "SamuelGhimpu2003"]
[Black "CM_rui"]
[Result "0-1"]
[WhiteElo "2529"]
[BlackElo "2399"]
[TimeControl "180+1"]
[EndTime "11:08:31 PST"]
[Termination "CM_rui won by resignation"]

1. d4 Nf6 2. c4 e6 3. Nc3 Bb4 4. Qc2 O-O 5. e4 d6 6. Nf3 Nbd7 7. e5 dxe5 8. dxe5 Ng4 9. Bf4 f6 10. exf6 Qxf6 11. Bg3 Nge5 12. Nxe5 Nxe5 13. O-O-O Ng4 14. Ne4 Qg6 15. Bd3 Qh6+ 16. Kb1 b6 17. f3 Ne3 18. Qb3 Nxd1 19. Qxb4 Ne3 20. Bxc7 Bb7 21. Bg3 Rad8 22. Nd6 Bc6 23. c5 Nxg2 24. cxb6 axb6 25. Be4 Bxe4+ 26.
fxe4 Qe3 27. Qb5 Rxd6 28. Bxd6 Qxe4+ 29. Ka1 Ne3 30. a3 Qxh1+ 0-1

[Event "*** Titled Tuesday Blitz"]
[Site "Chess.com"]
[Date "2020.11.03"]
[Round "6"]
[White "JosefineHeinemann"]
[Black "Frogo47"]
[Result "1-0"]
[WhiteElo "2601"]
[BlackElo "2454"]
[TimeControl "180+1"]
[EndTime "11:08:33 PST"]
[Termination "JosefineHeinemann won by resignation"]

1. e4 c6 2. d4 d5 3. Nd2 dxe4 4.
Nxe4 Nf6 5. Nxf6+ exf6 6. c3 Bd6 7. Bd3 O-O 8. Ne2 Re8 9. Qc2 h5 10. O-O Nd7 11. Bf4 Rxe2 12. Qxe2 Bxf4 13. Qe4 Qc7 14.
Qh7+ Kf8 15. Rae1 Bxh2+ 16. Kh1 Be5 17. dxe5 fxe5 18. Qh8+ Ke7 19. Qxg7 Qd6 20. Bc4 Qf6 21. Qg3 h4 22. Qe3 b5 23. Bb3 h3 24. g3 Bb7 25. f4 c5+ 26. Kh2 c4 27. fxe5 Qc6 28.
Qg5+ Ke8 29. Rf2 Nf8 30. Bc2 Rd8 31. Be4 Qc7 32. Bxb7 Qxb7 33. Qg8 Qe7 34. e6 f6 35. Qh8 Rd3 36. Qxf6 Qxf6 37. Rxf6 Rd2+ 38. Kxh3 Rxb2 39. e7 Nd7 40. Rd6 1-0

[Event "*** Titled Tuesday Blitz"]
[Site "Chess.com"]
[Date "2020.11.03"]
[Round "6"]
[White "beautroll"]
[Black "Bastiandash"]
[Result "0-1"]
[WhiteElo "2346"]
[BlackElo "2355"]
[TimeControl "180+1"]
[EndTime "11:08:37 PST"]
[Termination "Bastiandash won by resignation"]

1. e4 c5 2. Nf3 e6 3. d4 cxd4 4. Nxd4 a6 5. Nc3 b5 6. g3 Bb7 7. Bg2 Nf6 8. a3 Qc7 9. O-O h5 10. h3 Nc6 11. Be3 Rc8 12. f4 Nxd4 13. Bxd4 Bc5 14. e5 Bxg2 15. Kxg2 Qb7+ 16. Kg1 Nd5 17. Bxc5 Rxc5 18. Ne4 Qb6 19. Nxc5 Qxc5+ 20. Rf2 h4 21. g4 Nxf4 22. Qf3 g5 23. Rf1 O-O 24. Re1 Qd4 25. Kh2 Rc8 26. Qe4 Qxf2+ 27. Kh1 Rxc2 0-1

[Event "*** Titled Tuesday Blitz"]
[Site "Chess.com"]
[Date "2020.11.03"]
[Round "6"]
[White "Rud_Makarian"]
[Black "Andreikka"]
[Result "0-1"]
[WhiteElo "2771"]
[BlackElo "2919"]
[TimeControl "180+1"]
[EndTime "11:08:40 PST"]
[Termination "Andreikka won by resignation"]

1. d4 Nf6 2. c4 e6 3. Nf3 d5 4.
Nc3 Nbd7 5. cxd5 exd5 6. Bf4 c6 7. h3 Nb6 8. e3 Bd6 9. Bd3 O-O 10. O-O h6 11. Qc2 Be6 12. Ne5 Rc8 13. Rad1 Qe7 14. Bh2 c5 15. Qb1 a6 16. dxc5 Bxc5 17. Ne2 Nc4 18. Nd4 Nd6 19. a3 Nde4 20. Nef3 Bd7 21.
Be5 Rfe8 22. Ne2 Ng5 23. Bxf6 Nxf3+ 24. gxf3 Qxf6 25. Nf4 d4 26. Bh7+ Kh8 27. Nd3 Bxh3 28.
Nxc5 0-1

[Event "*** Titled Tuesday Blitz"]
[Site "Chess.com"]
[Date "2020.11.03"]
[Round "6"]
[White "GM_LOADING"]
[Black "anon569"]
[Result "1-0"]
[WhiteElo "2478"]
[BlackElo "2256"]
[TimeControl "180+1"]
[EndTime "11:08:40 PST"]
[Termination "GM_LOADING won by resignation"]

1. Nf3 Nf6 2. g3 b5 3. Bg2 Bb7 4. O-O e6 5. b3 a6 6. c4 Be7 7. Bb2 O-O 8. Nc3 b4 9. Na4 d6 10. d4 Nbd7 11. Qc2 Be4 12. Qd2 Qc8 13. Qxb4 Rb8 14.
Qd2 Qb7 15. Nc3 Bc6 16. d5 exd5 17. Nd4 Ne5 18. Nxc6 Nxc6 19. Nxd5 Nxd5 20. Qxd5 Nd8 21. Qd4 Bf6 22. Qxf6 Qxg2+ 23. Kxg2 gxf6 24. Bxf6 Nc6 25. Rfd1 Rfe8 26. e3 a5 27. Rd5 Re6 28. Rg5+ Kf8 29. Bc3 Ke7 30. Bxa5 Kf6 31. Rd5 Nxa5 32. Rxa5 1-0

[Event "*** Titled Tuesday Blitz"]
[Site "Chess.com"]
[Date "2020.11.03"]
[Round "6"]
[White "VladimirBugayev"]
[Black "kleopl"]
[Result "0-1"]
[WhiteElo "2307"]
[BlackElo "2438"]
[TimeControl "180+1"]
[EndTime "11:08:43 PST"]
[Termination "kleopl won by checkmate"]

1. e4 c6 2. d4 d5 3. exd5 cxd5 4.
Bd3 Nc6 5. c3 Nf6 6. Bf4 Bg4 7.
Qb3 Qc8 8. Nd2 e6 9. Ngf3 Be7 10. O-O Bh5 11. Rae1 Bg6 12. Qc2 a6 13. Bxg6 hxg6 14.
Ne5 Nxe5 15. Bxe5 Kf8 16. Qd3 Qc6 17. Re3 Bd6 18. Bxd6+ Qxd6 19. h3 b5 20. Nf3 b4 21.
c4 dxc4 22. Qxc4 Nd5 23. Re4 Rh5 24. Ne5 Kg8 25. Qe2 Rc8 26. Rd1 a5 27. Nxg6 fxg6 28. Rxe6 Qf8 29. Rxg6 Nf4 30. Qg4 Rc2 31. Rb6 Nxh3+ 32.
gxh3 Qxf2+ 33. Kh1 Qh2# 0-1

[Event "*** Titled Tuesday Blitz"]
[Site "Chess.com"]
[Date "2020.11.03"]
[Round "6"]
[White "joppie2"]
[Black "Azerichess"]
[Result "1-0"]
[WhiteElo "2882"]
[BlackElo "3006"]
[TimeControl "180+1"]
[EndTime "11:08:49 PST"]
[Termination "joppie2 won by resignation"]

1. e4 e5 2. Nf3 Nc6 3. Bc4 Bc5 4. d3 Nf6 5. a4 O-O 6. a5 a6 7. O-O h6 8. Re1 d6 9. h3 Be6 10. Bxe6 fxe6 11. c3 Qe8 12. b4 Ba7 13. Be3 Nh5 14. Nbd2 Nf4 15. Bxf4 Rxf4 16. g3 Qg6 17. Kg2 Raf8 18.
Rf1 R4f7 19. Ra2 Nb8 20. d4 Nd7 21. Qe2 exd4 22. cxd4 e5 23. d5 Nf6 24. Ra3 Nh5 25.
Kh2 Rf6 26. Rc3 Qf7 27. Rfc1 c5 28. dxc6 Bc5 29. bxc5 1-0

[Event "*** Titled Tuesday Blitz"]
[Site "Chess.com"]
[Date "2020.11.03"]
[Round "6"]
[White "serhanberat_ozdemir"]
[Black "Semetey"]
[Result "0-1"]
[WhiteElo "2390"]
[BlackElo "2569"]
[TimeControl "180+1"]
[EndTime "11:08:53 PST"]
[Termination "Semetey won on time"]

1. e4 e5 2. Nf3 Nc6 3. d4 exd4 4. Bc4 Nf6 5. e5 d5 6. Bb5 Ne4 7. Nxd4 Bd7 8. Bxc6 bxc6 9. O-O Bc5 10. f3 Ng5 11. f4 Ne6 12. Be3 Bb6 13. Nc3 Nxd4 14. Bxd4 c5 15. Bf2 c6 16. Qf3 Bf5 17. g4 Bd7 18. f5 O-O 19. Rae1 c4 20. f6 g6 21. Qf4 Kh8 22. Kh1 Qc8 23. Bxb6 axb6 24. Qh6 Rg8 25. g5 Qf8 26. Qh4 h5 27. gxh6 Kh7 28. Nd1 Rxa2 29. Nf2 Qc8 0-1

[Event "*** Titled Tuesday Blitz"]
[Site "Chess.com"]
[Date "2020.11.03"]
[Round "6"]
[White "ljuks68"]
[Black "ChSalas"]
[Result "0-1"]
[WhiteElo "2361"]
[BlackElo "2519"]
[TimeControl "180+1"]
[EndTime "11:08:53 PST"]
[Termination "ChSalas won by resignation"]

1. e4 e5 2. Nf3 Nc6 3. Bb5 a6 4. Ba4 Nf6 5. Qe2 b5 6. Bb3 Bc5 7. c3 d6 8. d3 h6 9. Be3 O-O 10.
Bxc5 dxc5 11. Nbd2 Qd6 12. Rd1 Be6 13. Nf1 a5 14. Ne3 a4 15. Bxe6 fxe6 16. a3 Na5 17. d4 Nxe4 18. dxe5 Qc6 19. O-O Nb3 20. Rfe1 Rxf3 21.
Qxf3 Rf8 22. Rd8 Rxd8 23. Nf1 Nbd2 24. Nxd2 Rxd2 25. h3 Rxf2 26. Qxe4 Qxe4 27. Rxe4 Rxb2 0-1

[Event "*** Titled Tuesday Blitz"]
[Site "Chess.com"]
[Date "2020.11.03"]
[Round "6"]
[White "AldokhinIvan"]
[Black "1stSecond"]
[Result "1-0"]
[WhiteElo "2605"]
[BlackElo "2755"]
[TimeControl "180+1"]
[EndTime "11:08:56 PST"]
[Termination "AldokhinIvan won by resignation"]

1. e4 c6 2. Nc3 d5 3. d4 dxe4 4. Nxe4 Nf6 5. Nxf6+ exf6 6. c3 Bd6 7. Bd3 O-O 8. Ne2 h5 9. O-O Re8 10. h3 Qc7 11.
Ng3 h4 12. Ne4 Bh2+ 13. Kh1 f5 14. Ng5 g6 15. Bc4 Re7 16. Re1 Bd6 17. Rxe7 Bxe7 18.
Nxf7 Kg7 19. Qd2 f4 20. Qxf4 Qxf4 21. Bxf4 b5 22. Bb3 Nd7 23. Re1 Bf6 24. Nd6 Ba6 25.
Ne8+ Kh7 26. Nxf6+ Nxf6 27. Re7+ Kh8 28. Be5 Rf8 29.
Re6 Kg7 30. Rxc6 Bb7 31. Rc7+ 1-0

[Event "*** Titled Tuesday Blitz"]
[Site "Chess.com"]
[Date "2020.11.03"]
[Round "6"]
[White "GAusal"]
[Black "monalize"]
[Result "0-1"]
[WhiteElo "2071"]
[BlackElo "2266"]
[TimeControl "180+1"]
[EndTime "11:08:56 PST"]
[Termination "monalize won on time"]

1. e4 c5 2. Bc4 e6 3. Nf3 Nc6 4. O-O d5 5. exd5 exd5 6. Re1+ Be7 7. Bb5 Nf6 8. Bxc6+ bxc6 9. d4 O-O 10. Nc3 Rb8 11. Ne5 Bb7 12. Ne2 cxd4 13. Nxd4 Rc8 14. Nf5 Bc5 15. c3 Ne4 16. Rxe4 dxe4 17. Qg4 g6 18. Nh6+ Kg7 19. Nf5+ Kh8 20. Bh6 Qf6 21. Bg7+ Qxg7 22. Nxg7 Kxg7 23. Nd7 Bb6 24. Nxf8 Rxf8 25. Qd7 Ba8 26.
c4 Rd8 27. Qg4 Rd2 28. Qg3 Bd4 29. Rc1 c5 30. b4 cxb4 31. c5 Bc6 32. Qd6 Bxf2+ 33.
Kh1 Rxd6 34. cxd6 Ba4 35. Rc7 Bb6 36. Rb7 Kf6 37. Rb8 Ke6 38. Rh8 e3 0-1

[Event "*** Titled Tuesday Blitz"]
[Site "Chess.com"]
[Date "2020.11.03"]
[Round "6"]
[White "guillembaches"]
[Black "Ashedu66"]
[Result "1/2-1/2"]
[WhiteElo "2373"]
[BlackElo "2240"]
[TimeControl "180+1"]
[EndTime "11:08:57 PST"]
[Termination "Game drawn by repetition"]

1. e4 e5 2. Nf3 Nc6 3. Nc3 Nf6 4.
d4 exd4 5. Nxd4 Bb4 6. Nxc6 bxc6 7. Bd3 O-O 8. O-O d5 9. Bd2 Bxc3 10. Bxc3 dxe4 11.
Bxf6 Qxf6 12. Bxe4 Qxb2 13. Bxc6 Rb8 14. Rb1 Qxb1 15.
Qxb1 Rxb1 16. Rxb1 Be6 17. Rb7 Bxa2 18. Rxa7 Bb1 19.
Be4 c5 20. Rc7 Re8 21. Rxc5 g6 22. Bd3 Re1+ 23. Bf1 Rc1 24. Rb5 Ba2 25. Rc5 Bb1 26. Rb5 Ba2 27. Rc5 Bb1 1/2-1/2

[Event "*** Titled Tuesday Blitz"]
[Site "Chess.com"]
[Date "2020.11.03"]
[Round "6"]
[White "Radzio1987"]
[Black "GMartin_Petrov"]
[Result "1-0"]
[WhiteElo "2812"]
[BlackElo "2616"]
[TimeControl "180+1"]
[EndTime "11:08:58 PST"]
[Termination "Radzio1987 won by resignation"]

1. c4 c5 2. g3 Nc6 3. Bg2 Nf6 4. Nc3 e6 5. Nf3 Be7 6. d4 cxd4 7. Nxd4 O-O 8. O-O d5 9. cxd5 Nxd5 10. Nxc6 bxc6 11. Na4 Ba6 12. Bd2 Nb6 13. Nc3 Qd7 14. Qc2 Nd5 15. Rfd1 Rfd8 16. Rac1 Rab8 17. Bf4 Rbc8 18.
e4 g5 19. Be5 f6 20. exd5 fxe5 21. dxc6 Qc7 22. Qa4 Qb6 23. Qg4 Kf7 24. Qh5+ Kg7 25. Be4 Rh8 26. Rd7 1-0

[Event "*** Titled Tuesday Blitz"]
[Site "Chess.com"]
[Date "2020.11.03"]
[Round "6"]
[White "Guenplen"]
[Black "TregubovP"]
[Result "1-0"]
[WhiteElo "2881"]
[BlackElo "2538"]
[TimeControl "180+1"]
[EndTime "11:08:58 PST"]
[Termination "Guenplen won by resignation"]

1. d4 Nf6 2. Bf4 d5 3. e3 c5 4. dxc5 Nc6 5. Bb5 Qa5+ 6. Nc3 a6 7. Bxc6+ bxc6 8. Qd4 e6 9. Bd6 Bxd6 10. cxd6 Rb8 11.
O-O-O O-O 12. Nf3 c5 13. Qf4 Rb4 14. Qe5 Bd7 15. a3 Rb6 16. Nd2 Rb7 17. e4 Qb6 18. b3 Bc6 19. exd5 exd5 20. Rhe1 h6 21.
g4 Re8 22. Qg3 Qd8 23. g5 Rxe1 24. Rxe1 Nh5 25. Qg4 Qxg5 26. Qc8+ Kh7 27. Qxc6 1-0

[Event "*** Titled Tuesday Blitz"]
[Site "Chess.com"]
[Date "2020.11.03"]
[Round "6"]
[White "LimeInTheCoconut"]
[Black "pedromartinez91"]
[Result "0-1"]
[WhiteElo "2433"]
[BlackElo "2595"]
[TimeControl "180+1"]
[EndTime "11:08:58 PST"]
[Termination "pedromartinez91 won by checkmate"]

1. d4 b6 2. e4 Bb7 3. Bd3 e6 4. Nc3 Nf6 5. Nf3 d5 6. e5 Ne4 7. O-O Be7 8. Qe2 Nxc3 9. bxc3 c5 10. Qd2 Nc6 11. Qf4 h6 12. h4 Qd7 13. Qg4 c4 14.
Be2 O-O-O 15. h5 Rdg8 16. Nh4 Qd8 17. g3 Kb8 18. f4 Bxh4 19. Qxh4 Qxh4 20. gxh4 Ne7 21.
Bg4 Bc6 22. f5 Bd7 23. fxe6 Bxe6 24. Bxe6 fxe6 25. Rf7 Nf5 26. Ba3 g6 27. Rf6 gxh5+ 28. Kf2 Nxh4 29. Bd6+ Kb7 30. Rxe6 Rg2+ 31. Ke3 Rhg8 32.
Rf1 R8g3+ 33. Kf4 Rg4+ 34. Ke3 Re4# 0-1

[Event "*** Titled Tuesday Blitz"]
[Site "Chess.com"]
[Date "2020.11.03"]
[Round "6"]
[White "sjam6687"]
[Black "TST2014"]
[Result "1/2-1/2"]
[WhiteElo "2711"]
[BlackElo "2507"]
[TimeControl "180+1"]
[EndTime "11:09:02 PST"]
[Termination "Game drawn by repetition"]

1. d4 Nf6 2. c4 c5 3. d5 b5 4. cxb5 a6 5. b6 d6 6. Nc3 g6 7. e4 Bg7 8. Be2 Nbd7 9. Nf3 O-O 10. O-O Qxb6 11. Nd2 Ne5 12. h3 g5 13. Kh2 Bd7 14.
Nf3 Nxf3+ 15. Bxf3 h6 16. Qe2 Bb5 17. Nxb5 Qxb5 18.
Re1 Nd7 19. Rb1 Qxe2 20. Bxe2 Rfb8 21. b3 a5 22. a4 Rb4 23. Bb5 Nf6 24. f3 Nh5 25. Bd2 Be5+ 26. Kg1 Bd4+ 27. Kh2 Be5+ 28. Kg1 Bd4+ 29. Kh1 Ng3+ 30. Kh2 Be5 31. Bxb4 cxb4 32. Kg1 Bd4+ 33. Kh2 Be5 34. Bc6 Rb8 35. Kg1 Bd4+ 36. Kh2 Be5 37. Kg1 Bd4+ 38. Kh2 Be5 1/2-1/2